 Dungeon Crawl Stone Soup version 0.19.5 (webtiles) character file.

380 Hybris the Cutter (level 6, -6/30 HPs)
             Began as a Spriggan Assassin on Mar 21, 2017.
             Was an Initiate of Gozag.
             Killed by divine providence
             ... invoked by an orc priest
              (12 damage)
             ... on level 4 of the Dungeon.
             The game lasted 00:12:14 (3780 turns).

Hybris the Cutter (Spriggan Assassin)               Turns: 3780, Time: 00:12:15

Health: -6/30      AC:  3    Str:  7    XL:     6   Next: 46%
Magic:  7/7        EV: 22    Int: 13    God:    Gozag
Gold:   170        SH:  0    Dex: 19    Spells: 0 memorised, 5 levels left

rFire  . . .     SeeInvis +     b - +0 blowgun
rCold  . . .     Gourm    .     c - +0 robe
rNeg   . . .     Faith    .     (shield restricted)
rPois  .         Spirit   .     (helmet restricted)
rElec  .         Reflect  .     d - +0 cloak
rCorr  .         Harm     .     (gloves unavailable)
MR     +....                    (boots unavailable)
Stlth  +++.......               (no amulet)
                                (no ring)
                                (no ring)

@: gold aura, very quick
A: unfitting armour, see invisible, herbivore 3, speed 3, slow metabolism 2
a: Potion Petition, Call Merchant, Bribe Branch, Renounce Religion


You were on level 4 of the Dungeon.
You worshipped Gozag.
Gozag was aware of your devotion.
You were not hungry.

You visited 1 branch of the dungeon, and saw 4 of its levels.

You collected 244 gold pieces.
You paid 74 gold pieces to Gozag.

Inventory:

Hand Weapons
 a - a +2 dagger
 b - a +0 blowgun (weapon)
Missiles
 k - 21 stones (quivered)
Armour
 c - a +0 robe (worn)
 d - a +0 cloak (worn)
Jewellery
 u - a cursed ring of loudness {unknown}
Scrolls
 h - a scroll of recharging
 i - 2 scrolls of identify {unknown}
 j - a scroll of magic mapping {unknown}
 n - 2 scrolls of blinking {unknown}
 r - 2 scrolls of remove curse {unknown}
 s - a scroll of noise {unknown}
 t - a scroll of random uselessness {unknown}
 v - a scroll of amnesia {unknown}
Potions
 l - a potion of resistance {unknown}
 o - 2 potions of degeneration {unknown}
 p - 2 potions of lignification {unknown}
 q - 3 potions of magic
Comestibles
 g - 2 bread rations
 m - a slice of pizza


   Skills:
 - Level 1.5 Fighting
 * Level 6.3 Short Blades
 - Level 2.0 Throwing
 + Level 5.6 Dodging
 - Level 5.8 Stealth


You had 5 spell levels left.
You didn't know any spells.

Dungeon Overview and Level Annotations

Branches:
Dungeon (4/15)
 Temple: D:4-7

Altars:
Cheibriados
Gozag
Hepliaklqana
Makhleb
Trog
Xom
The Shining One

Annotations:
D:3 Trixie's ghost, amateur DEIE


Innate Abilities, Weirdness & Mutations

You are very small and have problems with some larger weapons.
You are too small for most types of armour.
You have supernaturally acute eyesight. (SInv)
You are a herbivore.
You cover ground extremely quickly.
You need consume almost no food.


Message History

The orc priest is lightly wounded.
Throwing (i - inventory):
k - 23 stones (quivered)
Press: ? - help, Shift-Dir - straight line, f/p - orc priest
Aim: an orc priest (lightly wounded)
You throw a stone. The stone barely misses the orc priest.
The orc priest invokes the aid of Beogh against you.
Pain shoots through your body!
Throwing (i - inventory):
k - 22 stones (quivered)
Press: ? - help, Shift-Dir - straight line, f/p - orc priest
Aim: an orc priest (lightly wounded)
You throw a stone. The stone barely misses the orc priest.
The orc priest mumbles some strange prayers to Beogh against you.
Beogh smites you!
* * * LOW HITPOINT WARNING * * *
You hear a shout!
It was a potion of magic.
Magic courses through your body.
The orc priest calls down the wrath of Beogh upon you.
Beogh smites you!
You die...
Your body crumbles into a pile of gold.

....#..#
##....#
....#.##
#.....#
......#
#.....#
...#..#
##.....#
####.##
#......#
#..#
#......##
##.##
#.......#
##..###
#.......#
......##
##...@.##
.......#
#.....#
.......##
#.....#
........#
#...o.#
........#
##....#
.........#
##..##
.........#
##..#
.....#####
###(..#
.#####
###...(##


You could see an orc priest.

Vanquished Creatures
  3 ogres
  2 worker ants (D:4)
  3 adders
  An ooze (D:3)
  3 leopard geckos
  4 orcs
  3 giant cockroaches (D:2)
  6 hobgoblins
  4 kobolds
  A quokka (D:4)
  6 bats
  3 frilled lizards
  5 goblins
  4 rats
48 creatures vanquished.

Notes
Turn   | Place    | Note
-------+----------+-------------------------------------------
     0 | D:1      | Hybris the Spriggan Assassin began the quest for the Orb.
     0 | D:1      | Reached XP level 1. HP: 10/10 MP: 2/2
   444 | D:1      | Reached XP level 2. HP: 14/14 MP: 3/3
   610 | D:2      | Reached skill level 3 in Short Blades
   807 | D:2      | Reached XP level 3. HP: 16/18 MP: 4/4
  1321 | D:3      | Noticed Trixie's ghost (amateur DEIE)
  1694 | D:3      | Reached skill level 4 in Short Blades
  1694 | D:3      | Reached XP level 4. HP: 18/22 MP: 5/5
  1865 | D:3      | Noticed an ogre
  1901 | D:3      | Killed an ogre
  1901 | D:3      | Reached XP level 5. HP: 25/25 MP: 6/6
  2660 | D:2      | Reached skill level 5 in Short Blades
  2757 | D:3      | Found an opulent altar of Gozag.
  2760 | D:3      | Found a glowing golden altar of the Shining One.
  2784 | D:3      | Found a snail-covered altar of Cheibriados.
  2785 | D:3      | Found a hazy altar of Hepliaklqana.
  2785 | D:3      | Found a shimmering altar of Xom.
  2788 | D:3      | Found a burning altar of Makhleb.
  2824 | D:3      | Became a worshipper of Gozag Ym Sagoz the Greedy
  2997 | D:4      | Noticed an ogre
  3053 | D:4      | Killed an ogre
  3053 | D:4      | Reached skill level 5 in Dodging
  3307 | D:4      | Found a bloodstained altar of Trog.
  3369 | D:4      | Noticed an ogre
  3439 | D:4      | Reached XP level 6. HP: 8/30 MP: 7/7
  3760 | D:4      | Reached skill level 6 in Short Blades
  3780 | D:4      | Killed from afar by an orc priest

Skill      XL: |  1  2  3  4  5  6 |
---------------+-------------------+-----
Dodging        | 2 3 4 5 |  5.6
Short Blades   | 3 4 5 6 |  6.3
Fighting       | |  1.5
Throwing       | |  2.0
Stealth        | |  5.8

Action                   |  1- 3 |  4- 6 || total
-------------------------+-------+-------++-------
Melee: Dagger            |   113 |    35 ||   148
 Fire: Blowgun           |       |    40 ||    40
Throw: Stone             |       |     4 ||     4
  Use: Scroll            |       |     1 ||     1
       Potion            |       |     1 ||     1
 Stab: Sleeping          |    11 |     1 ||    12
       Distracted        |       |     1 ||     1
Armor: Robe              |    13 |     1 ||    14
Dodge: Dodged            |    88 |    20 ||   108
